 Dungeon Crawl Stone Soup version 0.30.0-29-ga12c61a403 (webtiles) character file.

Game seed: 13834616454013909550

23 ChadusMaximus the Caller (level 2, -28/19 HPs)
             Began as a Barachi Summoner on June 22, 2023.
             Killed by an exploding adder (32 damage)
             ... ignited by their inner flame
             ... on level 2 of the Dungeon.
             The game lasted 00:01:05 (1298 turns).

ChadusMaximus the Caller (Barachi Summoner)         Turns: 1298, Time: 00:01:10

Health: -28/19     AC:  2    Str:  9    XL:     2   Next: 95%
Magic:  5/5        EV: 12    Int: 15    God:
Gold:   41         SH:  0    Dex: 12    Spells: 5/6 levels left

rFire   . . .        c - +0 short sword (chaos)
rCold   . . .        (no shield)
rNeg    . . .        a - +0 robe
rPois   .            (no helmet)
rElec   .            (no cloak)
rCorr   .            (no gloves)
SInv    .            (no boots)
Will    .....        (no amulet)
Stlth   ++           (no ring)
HPRegen 0.23/turn    (no ring)
MPRegen 0.09/turn

%: no passive effects
@: slow
A: amphibious, slowness 1, strong legs 1, +LOS
a: Hop


You were on level 2 of the Dungeon.
You visited 1 branch of the dungeon, and saw 2 of its levels.

You collected 41 gold pieces.

Inventory:

Hand Weapons
 c - a +0 short sword of chaos (weapon)
Armour
 a - a +0 robe (worn)
Jewellery
 e - a ring of protection from fire
Scrolls
 f - a scroll of identify {unknown}
Potions
 b - a potion of magic
 d - a potion of flight {unknown}
 g - 2 potions of curing {unknown}
 h - 2 potions of might {unknown}
 i - a potion of haste {unknown}
 k - a potion of cancellation {unknown}


   Skills:
 - Level 2.1 Dodging
 - Level 1.7 Stealth
 + Level 2.6 Spellcasting
 * Level 5.5 Summonings


You had 5 spell levels left.
You knew the following spells:

 Your Spells              Type           Power      Damage    Failure   Level
a - Summon Small Mammal   Summ           72%        N/A       2%          1

Your spell library contained the following spells:

 Spells                   Type           Power      Damage    Failure   Level
 Call Imp                 Summ           36%        N/A       3%          2
 Call Canine Familiar     Summ           18%        N/A       6%          3
 Summon Guardian Golem    Hex/Summ       10%        N/A       21%         3
 Summon Lightning Spire   Summ/Air       10%        N/A       54%         4


Dungeon Overview and Level Annotations

Branches:
Dungeon (2/15)

Altars:

Shops:
D:2 ([

Annotations:
D:2 1 transporter


Innate Abilities, Weirdness & Mutations

You are amphibious.
You cover ground slowly.
You can hop short distances.
You have an extended range of vision and can be seen from far away.


Message History

You closely miss the adder. The adder bites you.
You are poisoned.
The adder poisons you!
An adder is nearby!
You closely miss the adder.
You feel sick. The adder closely misses you. The adder bites you.
An adder is nearby!
You barely miss the adder.
You feel sick. The adder closely misses you.
An adder is nearby!
You barely miss the adder.
You feel sick. The adder barely misses you.
You hit the adder but do no damage.
You feel sick. The adder barely misses you.
Unknown command.
You hit the adder.
The adder is lightly wounded.
You feel sick. The adder bites you. x2
You are too injured to fight recklessly!
You are too injured to fight recklessly!
You are too injured to fight recklessly!
Unknown command.
Casting: Summon Small Mammal (safe; 2% risk of failure)
Confirm with . or Enter, or press ? or * to list all spells.
You don't know that spell.
As you read the scroll labelled ARUV MOUVI, it crumbles to dust.
The creatures around you are filled with an inner flame!
It was a scroll of immolation.
You feel sick.
You are no longer poisoned.
The adder completely misses you.
As you read the scroll labelled LEIDWI MOSIQU, it crumbles to dust.
It is a scroll of brand weapon.
Your +0 short sword erupts in a glittering mayhem of colour.
c - a +0 short sword of chaos (weapon)
The adder bites you.
* * * LOW HITPOINT WARNING * * *
You hit the adder.
Flame seeps out of the adder.
The adder is heavily wounded.
The adder is engulfed in blazing flames.
The adder explodes!
The fiery explosion engulfs you!!
Ouch! That really hurt!
You die...

...##...........#.# #.#.......###
##.##.######.#..... ............
................#.# ###.#.....###
##.##.###.##....#.# #.#.....#
..........##....#.# #.#.....#
##.##.###...... #.# #.#.....#
##.........#...##.# #.#.....###
......###..#..§.§.#####.#........
##.##.###..#...○@.......#.....##.
#.##.........§§§.......##.#.###.
##.##.###..#..#########.##.......
...........#. #.##.#.###.
##.######### ########.##.#.###.
........... .................#
##.#########. ###########.#.####
#........... #.#.# ############
#.#.#


There were no monsters in sight!

Vanquished Creatures
  An adder (D:2)
  A dart slug (D:1)
  2 ball pythons
  An endoplasm (D:1)
  A giant cockroach (D:1)
  A goblin (D:1)
  3 hobgoblins
  3 jackals (D:2)
  2 bats (D:1)
  2 frilled lizards (D:1)
  2 kobolds
  A rat (D:1)
20 creatures vanquished.

Notes
Turn   | Place    | Note
-------+----------+-------------------------------------------
     0 | D:1      | ChadusMaximus the Barachi Summoner began the quest for the
                  | Orb.
     0 | D:1      | Reached XP level 1. HP: 13/13 MP: 3/3
   104 | D:1      | Reached skill level 5 in Summonings
   230 | D:1      | Reached XP level 2. HP: 16/19 MP: 5/5
   914 | D:2      | Found a transporter.
   918 | D:2      | Found Liyn's Weapon Emporium.
  1068 | D:2      | Found Geciygre's Antique Armour Emporium.
  1298 | D:2      | Killed by an exploding adder... ignited by their inner
                  | flame

Illustrated notes

Levels and vault maps discovered:
D:1:      matt_arrival_grand_opening, layout_loops_corners
D:2:      layout_basic, serial_shops, shop, nicolae_shop_drivethru,
          shop_fountains

Skill      XL: |  1 |
---------------+----+-----
Summonings     | 5 |  5.5
Dodging        | |  2.1
Stealth        | |  1.7
Spellcasting   | |  2.6

Action                     || total
---------------------------++-------
  Melee: Short sword       ||    72
         Punch             ||     1
    Use: Scroll            ||     2
   Stab: Sleeping          ||     2
 Armour: Robe              ||    14
  Dodge: Dodged            ||    46
